 Dungeon Crawl Stone Soup version 0.26-a0-966-gd078a86f14 (webtiles) character file.

Game seed: 17158676199148933336

13435 streetpizza the Destroyer (level 11, -4/95 HPs)
             Began as a Black Draconian Conjurer on Dec 2, 2020.
             Was an Elder of Vehumet.
             Slain by a troll (6 damage)
             ... on level 12 of the Dungeon on Dec 3, 2020.
             The game lasted 01:04:37 (13644 turns).

streetpizza the Destroyer (DrCj)                   Turns: 13644, Time: 01:04:38

Health: -4/95      AC: 10    Str: 10    XL:     11   Next: 75%
Magic:  23/23      EV: 18    Int: 27    God:    Vehumet [****..]
Gold:   724        SH:  9    Dex: 10    Spells: 17/27 levels left

rFire    . . .     SeeInvis .   G - +12 war axe of Lies {vorpal, rC+}
rCold    + . .     Faith    .   y - +0 buckler
rNeg     . . .     Spirit   .   (armour unavailable)
rPois    .         Reflect  +   (helmet restricted)
rElec    +         Harm     .   E - +0 cloak
rCorr    .         Rampage  .   w - +0 pair of gloves
MR       .....                  F - +0 pair of boots (curse)
Stlth    ++........             H - amulet of reflection
HPRegen  0.25/turn              o - +4 ring of evasion
MPRegen  0.18/turn              p - +6 ring of intelligence

@: no status effects
A: breathe lightning, unfitting armour, electricity resistance, cold-blooded, AC
+7
a: Breathe Lightning, Renounce Religion


You were on level 12 of the Dungeon.
You worshipped Vehumet.
Vehumet was greatly pleased with you.
You visited 2 branches of the dungeon, and saw 13 of its levels.
You also visited: Ossuary.

You collected 724 gold pieces.

Inventory:

Hand Weapons
 G - the +12 war axe of Lies (weapon) {vorpal, rC+}
   (You took it off an orc wizard on level 5 of the Dungeon)

   It inflicts extra damage upon your enemies.
   It protects you from cold.
 N - a +1 vampiric long sword
Missiles
 x - 12 poisoned darts
 Q - 16 curare-tipped darts (quivered)
Armour
 w - a +0 pair of gloves (worn)
 y - a +0 buckler (worn)
 E - a +0 cloak (worn)
 F - a cursed +0 pair of boots (worn)
Magical Staves
 j - an uncursed staff of death
 B - an uncursed staff of cold
Jewellery
 n - an uncursed amulet of the acrobat
 o - a +4 ring of evasion (left hand)
 p - a +6 ring of intelligence (right hand)
 q - an uncursed amulet of faith
 H - an amulet of reflection (around neck)
 J - an uncursed ring of protection from cold
 P - an uncursed ring of ice
Wands
 m - a wand of disintegration (12)
 s - a wand of iceblast (15)
 C - a wand of acid (16)
Scrolls
 b - 8 scrolls of teleportation
 c - 12 scrolls of remove curse
 d - 3 scrolls of amnesia
 g - 3 scrolls of immolation
 i - 3 scrolls of magic mapping
 k - a scroll of torment
 l - 4 scrolls of enchant armour
 t - 2 scrolls of fog
 D - a scroll of enchant weapon
 I - a scroll of blinking
 L - a scroll of random uselessness
 O - 2 scrolls of fear
Potions
 a - 4 potions of lignification
 e - 3 potions of attraction
 h - 4 potions of curing
 r - 3 potions of might
 u - 2 potions of brilliance
 v - 2 potions of invisibility
 z - 4 potions of haste
 A - 3 potions of flight
 K - 5 potions of degeneration
 R - a potion of mutation


   Skills:
 + Level 8.5 Fighting
 - Level 6.5 Dodging
 - Level 1.7 Stealth
 - Level 4.0 Shields
 + Level 8.7 Spellcasting
 + Level 10.0 Conjurations
 + Level 5.9 Fire Magic
 + Level 7.1 Air Magic


You had 17 spell levels left.
You knew the following spells:

 Your Spells              Type           Power        Failure   Level
b - Searing Ray           Conj           ######       1%          2
c - Mephitic Cloud        Conj/Pois/Air  #####...     1%          3
d - Iskenderun's Battles  Conj           ######..     1%          5

Your spell library contained the following spells:

 Spells                   Type           Power        Failure   Level
 Magic Dart               Conj           ####         1%          1
 Dazzling Flash           Conj/Hex       #####.       1%          3
 Fulminant Prism          Conj/Hex       #####.....   1%          4
 Iskenderun's Mystic Bla  Conj/Tloc      #####...     1%          4
 Beastly Appendage        Tmut           ##....       4%          1
 Wereblood                Tmut           ##......     8%          2
 Spider Form              Tmut/Pois      ##........   14%         3
 Ice Form                 Ice/Tmut       ##......     43%         4
 Blade Hands              Tmut           ##........   80%         5
 Malign Gateway           Summ/Tloc      ##........   100%        7
 Monstrous Menagerie      Summ           ##........   100%        7
 Summon Greater Demon     Summ           ##........   100%        7
 Summon Horrible Things   Summ           ##........   100%        8


Dungeon Overview and Level Annotations

Branches:
Dungeon (12/15)            Temple (1/1) D:7            Lair (0/6) D:10
    Orc (0/2) D:9         Ossuary (visited)

Altars:
Ashenzari
Cheibriados
Dithmenos
Elyvilon
Fedhas
Gozag
Hepliaklqana
Kikubaaqudgha
Makhleb
Nemelex Xobeh
Okawaru
Qazlal
Ru
Sif Muna
Trog
Uskayaw
Vehumet
Wu Jian
Xom
Yredelemnul
Zin
The Shining One

Shops:
D:9 (   D:12 (

Annotations:
D:5 2 runed translucent doors
D:11 2 transporters, snackwell's ghost, journeyman DrTm


Innate Abilities, Weirdness & Mutations

You can breathe wild blasts of lightning.
Your glossy black scales are hard. (AC +7)
You cannot fit into any form of body armour.
You are resistant to electric shocks. (rElec)
You are cold-blooded and may be slowed by cold attacks.


Message History

The troll closely misses you. You block the troll's attack.
The troll misses you. x2; The troll completely misses you.
You block the troll's attack.
You barely miss the troll.
You tail-slap the troll, but do no damage.
The troll is almost dead.
The wyvern barely misses you. The troll misses you.
The troll completely misses you. The troll closely misses you.
You closely miss the troll.
The troll is almost dead.
You slash the wyvern! The wyvern bites you! The troll bites you.
* * * LOW HITPOINT WARNING * * *
The troll claws you but does no damage. The troll claws you.
* * * LOW HITPOINT WARNING * * *
The wyvern bites you!
* * * LOW HITPOINT WARNING * * *
The troll bites you!
* * * LOW HITPOINT WARNING * * *
You block the troll's attack. The troll claws you.
You die...

..≈≈≈≈....#..# #
#≈≈≈≈....#..##########
#≈≈≈....#............
## #......#...........#
. #....#.≈≈≈##........
# #
####....#..............
#(#.#
#.......≈≈≈≈≈≈≈.#####.#
....[ #.....Tl≈≈≈≈≈≈≈.#
#.# #.....@†≈≈≈≈≈≈≈.#
#.# #......≈≈≈≈≈≈≈≈.#
#.# #......≈≈≈≈≈≈≈≈.#
#.# ..#
#.....[#........# #.#
#.....
#.........≈≈≈########.#
.###
#.........≈≈###...8.<.∩
.. #######...###
##..##### F. #.## # #


You could see a troll and a wyvern.

Vanquished Creatures
  3 two-headed ogres
  A death knight (D:11)
  Sonja (D:11)
  2 unseen horrors
  Pikel (D:9)
  A phantasmal warrior (D:11)
  An elephant (D:10)
  A centaur zombie (D:11)
  Psyche (D:9)
  A gargoyle (D:10)
  Maggie (D:9)
  A freezing wraith (D:11)
  A troll (D:11)
  A wraith (D:11)
  A wyvern (D:10)
  A yak (D:5)
  A basilisk (D:10)
  A water moccasin (D:10)
  4 orc warriors
  4 ice beasts
  3 phantoms
  2 sky beasts
  2 black bears (D:10)
  A necrophage (D:6)
  9 centaurs
  An eye of draining (D:11)
  7 ogres
  4 lemures (D:9)
  A big kobold (D:10)
  9 bullfrogs
  2 scorpions
  2 water moccasin skeletons
  4 wights (D:10)
  2 howler monkeys
  An electric eel (D:12)
  A quasit (D:10)
  3 bullfrog zombies
  13 hounds
  2 jellies
  4 bullfrog skeletons
  A gnoll shaman (D:7)
  5 orc priests
  A centaur skeleton (D:10)
  Jessica (D:2)
  5 iguanas
  12 orc wizards
  7 worker ants
  14 mummies
  A worker ant zombie (D:6)
  A howler monkey zombie (D:5)
  3 gnolls (D:7)
  A howler monkey skeleton (D:9)
  9 adders
  A shadow imp (D:2)
  2 white imps (D:6)
  An ooze (D:2)
  5 worms
  A dart slug (D:1)
  4 leopard geckos
  38 orcs
  3 giant cockroaches
  11 goblins
  5 hobgoblins
  10 jackals
  4 quokkas
  6 ball pythons
  7 bats
  4 frilled lizards
  3 gnoll skeletons (Ossuary)
  A hobgoblin zombie (D:8)
  A jackal skeleton (D:5)
  12 kobolds
  A kobold skeleton (Ossuary)
  2 leopard gecko skeletons
  4 orc skeletons (Ossuary)
  An orc zombie (D:8)
  3 quokka skeletons
  14 rats
  11 rat skeletons (Ossuary)
318 creatures vanquished.

Vanquished Creatures (others)
  A hobgoblin (D:1)
1 creature vanquished.

Grand Total: 319 creatures vanquished

Notes
Turn   | Place    | Note
-------+----------+-------------------------------------------
     0 | D:1      | streetpizza the Draconian Conjurer began the quest for the
                  | Orb.
     0 | D:1      | Reached XP level 1. HP: 14/14 MP: 3/3
   342 | D:1      | Reached XP level 2. HP: 20/20 MP: 0/5
   520 | D:1      | Learned a level 2 spell: Searing Ray
  1331 | D:2      | Reached XP level 3. HP: 26/26 MP: 3/6
  1693 | D:2      | Noticed Jessica
  1698 | D:2      | Killed Jessica
  1796 | D:2      | Reached XP level 4. HP: 33/33 MP: 4/8
  1853 | D:2      | Found a white marble altar of Elyvilon.
  2972 | D:2      | Found a hide-covered altar of Uskayaw.
  3083 | D:2      | Found a basalt altar of Yredelemnul.
  3198 | D:3      | Found a snail-covered altar of Cheibriados.
  3227 | D:3      | Reached XP level 5. HP: 19/38 MP: 4/9
  3398 | D:3      | Reached skill level 5 in Conjurations
  4403 | D:4      | Reached XP level 6. HP: 41/45 MP: 11/11
  4700 | D:4      | You fall into a shaft and drop 3 floors!
  4753 | D:7      | Your scales start taking on a glossy black colour.
  4753 | D:7      | Reached XP level 7. HP: 50/50 MP: 8/13
  4753 | D:7      | Gained mutation: You are resistant to electric shocks.
                  | (rElec) [Black Draconian growth]
  4806 | D:7      | Reached skill level 6 in Conjurations
  4856 | D:7      | Noticed a two-headed ogre
  4876 | D:7      | Found a burning altar of Makhleb.
  4922 | D:7      | Found a shimmering altar of Xom.
  4922 | D:7      | Found a hide-covered altar of Uskayaw.
  4925 | D:7      | Found a white marble altar of Elyvilon.
  4925 | D:7      | Found a blossoming altar of Fedhas.
  4925 | D:7      | Found a white marble altar of Elyvilon.
  4957 | D:7      | Found a staircase to the Ecumenical Temple.
  4966 | Temple   | Entered the Ecumenical Temple
  5225 | D:6      | Found a hazy altar of Hepliaklqana.
  5267 | D:6      | Reached skill level 1 in Shields
  5594 | D:5      | Entered Level 5 of the Dungeon
  5658 | D:5      | Found a broken altar of Ashenzari.
  5896 | D:4      | Found a bloodstained altar of Trog.
  5996 | D:5      | Found a large runed translucent door.
  5996 | D:5      | Found a large runed translucent door.
  6009 | D:5      | Reached XP level 8. HP: 49/57 MP: 15/15
  6023 | D:5      | Reached skill level 1 in Fighting
  6073 | D:5      | Found a large runed translucent door.
  6073 | D:5      | Found a large runed translucent door.
  6100 | D:5      | Reached skill level 5 in Spellcasting
  6175 | D:5      | Reached skill level 5 in Dodging
  6382 | D:5      | Got a smouldering glaive
  6383 | D:5      | Identified the cursed +0 glaive of the Protecting Shrike
                  | {freeze, rN+} (You found it on level 5 of the Dungeon)
  6474 | D:5      | Got a dazzling war axe
  6475 | D:5      | Identified the +5 war axe of Yvvin {drain, rElec Str+4
                  | Stlth+} (You found it on level 5 of the Dungeon)
  6575 | D:5      | Found a radiant altar of Vehumet.
  6589 | D:5      | Became a worshipper of Vehumet
  6686 | D:5      | Identified the +12 war axe of Lies {vorpal, rC+}
  6711 | D:5      | Reached skill level 7 in Conjurations
  7130 | D:6      | Found a shimmering blue altar of Sif Muna.
  7170 | D:6      | Reached XP level 9. HP: 64/70 MP: 17/17
  7757 | D:7      | Killed a two-headed ogre
  8058 | D:8      | Reached skill level 5 in Fighting
  8215 | D:8      | You fall into a shaft and drop 3 floors!
  8239 | D:10     | Entered Level 10 of the Dungeon
  8265 | D:10     | Reached skill level 8 in Conjurations
  8285 | D:10     | Reached * piety under Vehumet
  8285 | D:10     | Offered knowledge of Shock by Vehumet.
  8359 | D:10     | Noticed a gargoyle
  8366 | D:10     | Killed a gargoyle
  8367 | D:10     | Reached skill level 1 in Fire Magic
  8367 | D:10     | Reached skill level 1 in Air Magic
  8513 | D:9      | Found Fomoaw's Antique Weapon Boutique.
  8575 | D:8      | Found a sand-covered staircase.
  8581 | Ossuary  | Entered an ossuary
  8735 | Ossuary  | Reached ** piety under Vehumet
  8904 | Ossuary  | Offered knowledge of Freeze by Vehumet.
  9007 | Ossuary  | Reached XP level 10. HP: 83/83 MP: 20/20
  9079 | D:8      | Found an opulent altar of Gozag.
  9561 | D:9      | Noticed Psyche
  9567 | D:9      | Killed Psyche
  9626 | D:9      | Noticed a two-headed ogre
  9632 | D:9      | Killed a two-headed ogre
  9959 | D:9      | Found an iron altar of Okawaru.
  9959 | D:9      | Noticed Maggie
  9983 | D:9      | Killed Maggie
  9983 | D:9      | Offered knowledge of Mephitic Cloud by Vehumet.
  9991 | D:9      | Learned a level 3 spell: Mephitic Cloud
 10210 | D:9      | Noticed a two-headed ogre
 10219 | D:9      | Killed a two-headed ogre
 10220 | D:9      | Reached skill level 9 in Conjurations
 10338 | D:9      | Noticed Pikel
 10348 | D:9      | Killed Pikel
 10360 | D:9      | Reached *** piety under Vehumet
 10380 | D:9      | Found a sacrificial altar of Ru.
 10460 | D:9      | Reached skill level 5 in Air Magic
 10667 | D:9      | Found a staircase to the Orcish Mines.
 10713 | D:10     | Upgraded the game from 0.26-a0-964-g69f9a3b9e2 to
                  | 0.26-a0-966-gd078a86f14
 10944 | D:10     | Noticed an elephant
 10946 | D:10     | Reached XP level 11. HP: 82/92 MP: 22/22
 10966 | D:10     | Offered knowledge of Inner Flame by Vehumet.
 11473 | D:10     | Found a staircase to the Lair.
 11692 | D:11     | Killed an unseen horror
 11815 | D:11     | Found a transporter.
 11815 | D:11     | Noticed Sonja
 11816 | D:11     | Noticed a deep troll earth mage
 11821 | D:11     | Killed Sonja
 11836 | D:11     | Noticed snackwell's ghost (journeyman DrTm)
 11838 | D:11     | Identified the ring of Wapraiwi {rC+ Str+3 Int+4}
 11838 | D:11     | Noticed a tengu warrior
 11840 | D:11     | Noticed a brown ugly thing
 11854 | D:11     | Reached **** piety under Vehumet
 11972 | D:11     | Reached skill level 5 in Fire Magic
 12172 | D:11     | Offered knowledge of Iskenderun's Battlesphere by Vehumet.
 12184 | D:11     | Learned a level 5 spell: Iskenderun's Battlesphere
 12250 | D:11     | Found a transporter.
 12532 | D:11     | Noticed a death knight
 12534 | D:11     | Noticed a phantasmal warrior
 12542 | D:11     | Killed a phantasmal warrior
 12544 | D:11     | Killed a death knight
 12833 | D:11     | Reached skill level 10 in Conjurations
 13426 | D:12     | Noticed a deep elf knight
 13444 | D:12     | Noticed a two-headed ogre
 13444 | D:12     | Noticed a two-headed ogre
 13444 | D:12     | Noticed a white ugly thing
 13465 | D:12     | Found Jocy's Weapon Boutique.
 13622 | D:12     | Killed an unseen horror
 13644 | D:12     | HP: 2/95 [troll (11)]
 13644 | D:12     | Slain by a troll

Illustrated notes

Levels and vault maps discovered:
D:1:      lightli_arrival_maybe_door_vault, layout_loops_ring,
          lemuel_flame_loot_1
D:2:      minmay_razor_zed, layout_basic, kennysheep_ying_yang,
          nicolae_overflow_hidden_temple, serial_glass, glass_columns_a,
          glass_columns_b, glass_columns_a, glass_columns_a, glass_columns_b,
          uniq_jessica
D:3:      layout_rooms, nicolae_overflow_crystal_walls
D:4:      layout_cave_pools, general_overflow_altar, minmay_tree_intersection
D:5:      kennysheep_big_flooded_room, layout_cave_pools,
          evilmike_ruin_ashenzari, old_standard_altar,
          minmay_hollow_rounded_squares
D:6:      cheibrodos_quashed, layout_loops_ring, lemuel_coloured_pillars_altar,
          lemuel_doored_altar
D:7:      layout_basic, doesnt_xom_only_xom, minmay_temple_entry_waves
D:8:      layout_loops_cross, basic_altar, nicolae_ossuary_entry_giza
D:9:      layout_roguey, okawaru_gym_becter, nicolae_ru_sacrificial_ziggurat,
          orc_0_dummy, serial_shops, nicolae_shop_crystal, uniq_pikel,
          uniq_psyche, uniq_maggie
D:10:     layout_long_grid, david_lair_generic, grunt_ministairs_14,
          kennysheep_dice
D:11:     layout_grid_maze, gammafunk_ghost_arena, uniq_sonja
D:12:     minmay_the_grid_3x3 [minmay_the_grid_box_x, minmay_the_grid_tri_star,
          minmay_the_grid_small_cups, minmay_the_grid_dragon_a,
          minmay_the_grid_holed_spiral, minmay_the_grid_embedded,
          minmay_the_grid_aliased_spiral, minmay_the_grid_large_cup,
          minmay_the_grid_prize_trominoes], layout_basic,
          gauntlet_entry_generic, serial_shops, shop_statue, guppyfry_shop_earth
Temple:   eino_wide_crystal_templ

Skill      XL: |  1  2  3  4  5  6  7  8  9 10 11 |
---------------+----------------------------------+-----
Dodging        | 2 3 4 5 6 |  6.5
Spellcasting   | 3 4 5 6 7 8 |  8.7
Conjurations   | 5 6 7 8 9 10 | 10.0
Shields        | 3 4 |  4.0
Fighting       | 3 5 7 8 |  8.5
Fire Magic     | 1 4 5 |  5.9
Air Magic      | 2 5 7 |  7.1
Stealth        | |  1.7

Action                   |  1- 3 |  4- 6 |  7- 9 | 10-12 || total
-------------------------+-------+-------+-------+-------++-------
Melee: Unarmed           |    48 |       |       |       ||    48
       Tailslap          |     4 |    16 |    13 |    16 ||    49
       Long sword        |       |   154 |    70 |       ||   224
       War axe           |       |       |   112 |   162 ||   274
 Cast: Magic Dart        |    33 |     2 |       |       ||    35
       Searing Ray       |     7 |    16 |    29 |    18 ||    70
       Mephitic Cloud    |       |       |       |     6 ||     6
       Iskenderun's Batt |       |       |       |     4 ||     4
 Abil: Breathe Lightning |       |       |     3 |     7 ||    10
  Use: Scroll            |       |     1 |     1 |    20 ||    22
       Potion            |       |       |       |     1 ||     1
 Stab: Sleeping          |     3 |     2 |     6 |     4 ||    15
       Confused          |       |       |       |     1 ||     1
Armor: Skin              |    23 |    50 |    37 |    60 ||   170
Dodge: Dodged            |    48 |   173 |   201 |   190 ||   612
Block: Buckler           |       |       |    34 |   116 ||   150
       Reflection        |       |       |     1 |     5 ||     6
       Rpst.: Long sword |       |    50 |    20 |       ||    70

Table legend: (Time is in decaauts)
 A = Elapsed time spent in this place.
 B = Non-inter-level travel time spent in this place.
 C = Inter-level travel time spent in this place.
 D = Time resting spent in this place.
 E = Time spent auto-exploring this place.
 F = Levels seen in this place.
 G = Mean time per level.
                   A        B        C        D        E       F      G
               +--------+--------+--------+--------+--------+-----+--------+
         Total |  13867 |  13356 |    511 |    445 |  10140 |  14 |  990.5 |
       Dungeon |  13324 |  12825 |    499 |    445 |   9792 |  12 | 1110.3 |
        Temple |     55 |     43 |     12 |      0 |     42 |   1 |   55.0 |
       Ossuary |    487 |    487 |      0 |      0 |    306 |   1 |  487.0 |
               +--------+--------+--------+--------+--------+-----+--------+

Top non-repeatable levels by time:
     D:2: 1882 daAuts
    D:11: 1760 daAuts
     D:1: 1324 daAuts
     D:9: 1287 daAuts
    D:10: 1172 daAuts
     D:5: 1113 daAuts
     D:6: 1098 daAuts
     D:3: 954 daAuts
     D:7: 901 daAuts
     D:4: 826 daAuts
     D:8: 743 daAuts
 Ossuary: 487 daAuts
    D:12: 260 daAuts
  Temple: 55 daAuts
